 Dungeon Crawl Stone Soup version 0.23.2-1-ga50397a (webtiles) character file.

Game seed: 11255186846277052458

64 Leeroy the Conjurer (level 3, -1/26 HPs)
             Began as a Draconian Conjurer on Apr 16, 2019.
             Was a Follower of Fedhas.
             Slain by an orc
             ... wielding a +0 flail
              (7 damage)
             ... on level 3 of the Dungeon.
             The game lasted 00:05:56 (1731 turns).

Leeroy the Conjurer (Draconian Conjurer)            Turns: 1731, Time: 00:05:57

Health: -1/26      AC:  7    Str: 10    XL:     3   Next: 91%
Magic:  6/6        EV: 12    Int: 16    God:    Fedhas [*.....]
Gold:   116        SH:  0    Dex: 11    Spells: 0/6 levels left

rFire    . . .     SeeInvis .   a - +2 dagger (venom)
rCold    . . .     Gourm    .   (no shield)
rNeg     . . .     Faith    .   (armour unavailable)
rPois    .         Spirit   .   (helmet restricted)
rElec    .         Reflect  .   p - +0 cloak
rCorr    .         Harm     .   (no gloves)
MR       .....                  q - +0 pair of boots
Stlth    ++........             (no amulet)
HPRegen  0.08/turn              (no ring)
MPRegen  0.10/turn              (no ring)

@: no status effects
A: unfitting armour, cold-blooded, AC +5
a: Fungal Bloom, Sunlight, Renounce Religion


You were on level 3 of the Dungeon.
You worshipped Fedhas.
Fedhas was aware of your devotion.
You were not hungry.

You visited 1 branch of the dungeon, and saw 3 of its levels.

You collected 116 gold pieces.

Inventory:

Hand Weapons
 a - a +2 dagger of venom (weapon)
 c - a +0 spear of freezing
 e - a +0 dagger
 h - a +0 short sword
Missiles
 i - 48 bolts
 l - 12 javelins (quivered)
 r - 19 poisoned needles
Armour
 p - a +0 cloak (worn)
 q - a +0 pair of boots (worn)
Scrolls
 d - a scroll of amnesia {unknown}
 f - a scroll of identify {unknown}
 k - 2 scrolls of remove curse {unknown}
Potions
 g - a potion of ambrosia {unknown}
 j - a potion of flight {unknown}
 m - a potion of lignification {unknown}
 n - a potion of brilliance {unknown}
 o - a potion of heal wounds {unknown}
Comestibles
 b - 6 rations
 s - 5 chunks of flesh


   Skills:
 - Level 1.7 Dodging
 - Level 1.7 Stealth
 - Level 2.0 Spellcasting
 + Level 5.5 Conjurations


You couldn't memorise any spells.
You knew the following spells:

 Your Spells              Type           Power        Failure   Level  Hunger
a - Magic Dart            Conj           ###.         1%          1    #......
b - Searing Ray           Conj           ###...       3%          2    ###....
c - Dazzling Spray        Conj/Hex       ##....       21%         3    ###....

Your spell library contained the following spells:

 Spells                   Type           Power        Failure   Level  Hunger
 Iskenderun's Mystic Bla  Conj           ###.....     21%         4    #####..
 Force Lance              Conj/Tloc      ##......     54%         4    #####..
 Fulminant Prism          Conj/Hex       ##........   54%         4    #####..


Dungeon Overview and Level Annotations

Branches:
Dungeon (3/15)

Altars:
Elyvilon
Fedhas
The Shining One


Innate Abilities, Weirdness & Mutations

Your plain brown scales are hard. (AC +5)
You cannot fit into any form of body armour.
You are cold-blooded and may be slowed by cold attacks.


Message History

a +0 flail; a giant cockroach corpse; an orc skeleton You butcher the giant cockroach corpse.
s - 5 chunks of flesh (gained 2)
Things that are here:
a +0 flail; an orc skeleton
There is a stone staircase leading down, spattered with blood here.
You start resting.
You feel yourself speed up.
You start resting.
HP restored.
You climb downwards.
The orc priest invokes the aid of Beogh against you.
Beogh smites you!
Ouch! That really hurt!
The orc hits you with a +0 flail!
* * * LOW HITPOINT WARNING * * *
There is a stone staircase leading up here.
The orc priest barely misses you. The orc hits you with a +0 flail!
You die...
Fedhas appreciates your contribution to the ecosystem.

.## ###.. ... #.#
##.######
###.......g. #
##...#.......
....##.o###......g
.......)@o........
......#####.......
....## ....... ...
...(... .. #


You could see an orc priest and an orc.

Vanquished Creatures
  2 adders (D:2)
  An ooze (D:2)
  2 dart slugs
  2 orcs (D:2)
  2 giant cockroaches (D:2)
  3 hobgoblins (D:2)
  2 jackals (D:2)
  4 kobolds
  A quokka (D:2)
  6 bats
  2 frilled lizards
  3 goblins
  7 rats
37 creatures vanquished.

Notes
Turn   | Place    | Note
-------+----------+-------------------------------------------
     0 | D:1      | Leeroy the Draconian Conjurer began the quest for the Orb.
     0 | D:1      | Reached XP level 1. HP: 14/14 MP: 3/3
   499 | D:1      | Reached XP level 2. HP: 20/20 MP: 0/5
   729 | D:2      | Learned a level 2 spell: Searing Ray
   772 | D:2      | Found a glowing golden altar of the Shining One.
   966 | D:2      | Found a faded altar of an unknown god.
   977 | D:2      | Became a worshipper of Fedhas Madash
   977 | D:2      | Reached * piety under Fedhas
  1047 | D:2      | Reached skill level 5 in Conjurations
  1051 | D:2      | Reached XP level 3. HP: 23/26 MP: 6/6
  1059 | D:2      | Learned a level 3 spell: Dazzling Spray
  1130 | D:2      | Found a white marble altar of Elyvilon.
  1731 | D:3      | Slain by an orc

Skill      XL: |  1  2 |
---------------+-------+-----
Conjurations   | 5 |  5.5
Dodging        | |  1.7
Stealth        | |  1.7
Spellcasting   | |  2.0

Action                   || total
-------------------------++-------
Melee: Dagger            ||    99
       Tailslap          ||     6
       Unarmed           ||     2
 Cast: Magic Dart        ||    15
Invok: Fungal Bloom      ||     3
       Sunlight          ||     1
 Stab: Sleeping          ||     1
  Eat: Chunk             ||     3
Armor: Skin              ||    40
Dodge: Dodged            ||    74
